 Dungeon Crawl Stone Soup version 0.32-a0-329-ge6c31236d6 (webtiles) character file.

Game seed: 5904052760821289016

122 Juicyj the Trooper (level 4, 0/40 HPs)
             Began as a Mountain Dwarf Fighter on Feb 16, 2024.
             Succumbed to Sigmund's poison
             ... on level 2 of the Dungeon.
             The game lasted 00:02:37 (2094 turns).

Juicyj the Trooper (Mountain Dwarf Fighter)         Turns: 2094, Time: 00:02:37

Health: 0/40       AC:  7    Str: 21    XL:     4   Next: 78%
Magic:  4/4        EV:  9    Int:  8    God:
Gold:   96         SH:  4    Dex:  9    Spells: 3/3 levels left

rFire   . . .        a - +0 war axe
rCold   . . .        c - +0 buckler
rNeg    . . .        b - +0 scale mail
rPois   .            (no helmet)
rElec   .            (no cloak)
rCorr   .            (no gloves)
SInv    .            (no boots)
Will    .....        (no amulet) Stlth
                     (no ring)
HPRegen 0.26/turn    (no ring)
MPRegen 0.09/turn

%: no passive effects
@: lethally poisoned (0 -> -8)
A: runic magic, artefact enchanting
a: no special abilities


You were on level 2 of the Dungeon.
You visited 1 branch of the dungeon, and saw 2 of its levels.

You collected 96 gold pieces.

Inventory:

Hand Weapons
 a - a +0 war axe (weapon)
Armour
 b - a +0 scale mail (worn)
 c - a +0 buckler (worn)
Jewellery
 k - a ring of ice
Scrolls
 g - a scroll of teleportation
 h - a scroll of enchant armour
 i - 2 scrolls of summoning
 l - a scroll of amnesia
Potions
 d - a potion of might
 f - 2 potions of resistance


   Skills:
 + Level 4.1 Fighting
 + Level 3.7 Axes
 + Level 4.1 Armour
 + Level 4.1 Shields


You had 3 spell levels left.
You didn't know any spells.
Your spell library was empty.

Dungeon Overview and Level Annotations

Branches:
Dungeon (2/15)

Altars:

Annotations:
D:2 Sigmund


Innate Abilities, Weirdness & Mutations

Your spellcasting is much less encumbered by armour.
You can use scrolls of enchantment on lesser artefacts.


Message History

The magic dart hits you but does no damage.
You feel sick.
Your bat hits something.
Your bat hits something but does no damage.
A magic dart appears from out of thin air!
The magic dart hits you but does no damage.
Your bat barely misses something.
You feel less wooden.
Your +0 scale mail unmelds from your body.
You feel sick.
Your bat hits something but does no damage.
Something hits you but does no damage.
You swap places.
You feel sick.
You enter a dispersal trap!
Your jackal blinks!
Your hobgoblin blinks!
You blink.
You feel sick.
You are no longer poisoned.
Your jackal dissolves into shadows!
You start to feel less resistant.
You see here a bat skeleton.
Your hobgoblin dissolves into shadows!
Your resistance to elements expires.
Found 3 gold pieces.
You see here 3 gold pieces.
You now have 96 gold pieces (gained 3).
You block something's attack.
You start resting.
You hear some strange, mumbled words.
Something tries to affect you, but you resist.
Something hits you!
* * * LOW HITPOINT WARNING * * *
You are lethally poisoned!
You closely miss something.
* * * LOW HITPOINT WARNING * * *
You feel very sick. Something completely misses you.
Read: 3 scrolls of summoning
Press: ? - help, Q - select action, (/) - cycle Dir - look around, f - activate
As you read the scroll of summoning, it crumbles to dust.
Wisps of shadow whirl around you...
You die...

##.##
#.######.....#
### #.#
###...# #.#
#.#...# #.#
#.##.># #.#
#.# ### #.#
#.# #g# #.#
#{#### #.#
#@.S.# #.##.#
#.#...#
####..# ....
..P.# ##PP.#
##.## #.


You could see a friendly adder (summoned, wandering) and a friendly goblin
(summoned, wandering).

Vanquished Creatures
  3 adders (D:2)
  A dart slug (D:1)
  3 bats
  10 endoplasms
  4 giant cockroaches
  5 goblins
  4 hobgoblins
  4 jackals (D:1)
  2 kobolds
  A quokka (D:2)
  7 ball pythons
  2 frilled lizards
  4 rats
50 creatures vanquished.

Notes
Turn   | Place    | Note
-------+----------+-------------------------------------------
     0 | D:1      | Juicyj the Mountain Dwarf Fighter began the quest for the
                  | Orb.
     0 | D:1      | Reached XP level 1. HP: 19/19 MP: 1/1
   203 | D:1      | Reached XP level 2. HP: 26/26 MP: 2/2
   634 | D:1      | Reached XP level 3. HP: 27/33 MP: 3/3
   682 | D:1      | Found a faded altar of an unknown god.
  1556 | D:2      | Reached XP level 4. HP: 34/40 MP: 4/4
  2016 | D:2      | Noticed Sigmund
  2054 | D:2      | HP: 2/40 [poisoned by Sigmund]
  2093 | D:2      | HP: 1/40 [poisoned by Sigmund]
  2094 | D:2      | Succumbed to Sigmund's poison

Illustrated notes

Levels and vault maps discovered:
D:1:      saegor_arrival_fortress, layout_loops_corners,
          shapermc_ecumenical_altar_pompeii
D:2:      minmay_alternating_diamond, layout_basic, uniq_sigmund,
          uniq_crazy_yiuf_cottage

Skill      XL: |  1  2  3  4 |
---------------+-------------+-----
Axes           | 3 |  3.7
Fighting       | 4 |  4.1
Armour         | 4 |  4.1
Shields        | 4 |  4.1

Action                     |  1- 3 |  4- 6 || total
---------------------------+-------+-------++-------
  Melee: War axe           |    84 |    43 ||   127
    Use: Scroll            |       |     5 ||     5
         Potion            |       |     2 ||     2
 Armour: Scale mail        |    48 |    52 ||   100
         Skin              |       |    19 ||    19
  Dodge: Dodged            |    38 |    31 ||    69
  Block: Buckler           |    14 |    11 ||    25

Table legend: (Time is in decaauts)
 A = Elapsed time spent in this place.
 B = Non-inter-level travel time spent in this place.
 C = Inter-level travel time spent in this place.
 D = Time resting spent in this place.
 E = Time spent auto-exploring this place.
 F = Levels seen in this place.
 G = Mean time per level.
                   A        B        C        D        E       F      G
               +--------+--------+--------+--------+--------+-----+--------+
         Total |   2141 |   2064 |     77 |      0 |   1703 |   2 | 1070.5 |
       Dungeon |   2141 |   2064 |     77 |      0 |   1703 |   2 | 1070.5 |
               +--------+--------+--------+--------+--------+-----+--------+

Top non-repeatable levels by time:
     D:1: 1344 daAuts
     D:2: 796 daAuts
